 Dungeon Crawl Stone Soup version 0.17.2-1-ge4368a0 (webtiles) character file.

65 rlgrobin the Insei (level 3, 0/29 HPs)
             Began as a Mummy Monk on May 1, 2017.
             Slain by a worm (10 damage)
             ... on level 2 of the Dungeon.
             The game lasted 00:02:21 (2647 turns).

rlgrobin the Insei (Mummy Monk)                     Turns: 2647, Time: 00:02:22

Health: 0/29       AC:  0    Str: 14    XL:     3   Next: 92%
Magic:  3/3        EV: 13    Int:  9    God:
Gold:   91         SH:  0    Dex: 15    Spells: 0 memorised, 2 levels left

rFire  x . .     SeeInvis +       - Unarmed
rCold  + . .     Clarity  .     (no armour)
rNeg   + + +     SustAt   .     (no shield)
rPois  ∞         Gourm    .     (no helmet)
rElec  .         Spirit   .     (no cloak)
rCorr  .         Warding  .     (no gloves)
rMut   .         Stasis   .     (no boots)
MR     .....                    (no amulet)
Stlth  ++........               (no ring)
                                e - ring of see invisible

@: not resistant to hostile enchantments, unstealthy
A: no food or potions, fire vulnerability, cold resistance 1, negative energy
resistance 3, torment resistance, unbreathing
a: no special abilities


You were on level 2 of the Dungeon.
You were not hungry.

You visited 1 branch of the dungeon, and saw 3 of its levels.

You collected 91 gold pieces.


Innate Abilities, Weirdness & Mutations

You do not eat or drink.
Your flesh is vulnerable to fire.
You are immune to poison.
Your flesh is cold resistant.
You are immune to negative energy.
You are immune to unholy pain and torment.
You can survive without breathing.


   Skills:
 - Level 3.0 Fighting
 - Level 2.4 Dodging
 - Level 1.5 Stealth
 + Level 4.6 Unarmed Combat


You had 2 spell levels left.
You didn't know any spells.

Inventory:

Jewellery
 b - an uncursed ring of teleportation
 e - a ring of see invisible (left hand)
Scrolls
 a - a scroll of recharging {unknown}
 c - 2 scrolls of identify {unknown}
 d - a scroll of blinking {unknown}
 f - a scroll of teleportation {unknown}
 g - 2 scrolls of remove curse

Dungeon Overview and Level Annotations

Branches:
Dungeon (3/15)

Altars:
Kikubaaqudgha
Okawaru
Yredelemnul
Zin

....▒▒).▒▒▒.▒ ▒▒▒............
.!..)...▒ ▒.▒ ▒▒▒....▒▒.▒▒▒▒.▒▒
.....▒..▒▒▒.▒ ▒▒...▒..▒▒.▒ ▒.▒
............▒▒ ▒.......▒▒.▒ ▒.▒
.......▒▒▒...▒▒▒...<▒.▒▒▒.▒ ▒.▒▒
.....▒.▒▒▒.▒.▒▒.........▒.▒ ▒.▒▒
)..▒▒▒...▒..........▒.▒...▒▒▒▒.▒▒
...▒........▒▒▒▒....▒.▒▒....▒▒.▒▒
▒..▒.).....▒....Mw..▒.▒▒▒.▒......
.†..............▒..▒▒.▒▒..▒▒▒▒.▒▒
▒▒..▒▒.....▒....▒.▒▒▒.▒..▒▒ ▒...
▒(..▒▒.▒.......▒..▒▒.▒.▒▒▒▒▒▒..▒
▒.▒..▒.▒)▒.....▒▒....▒.........▒
▒.▒▒.▒...▒.....▒▒▒▒..▒.........▒
▒.▒▒.▒.▒▒▒.....▒ ▒▒...........▒
▒..▒...▒ ▒...▒▒▒ ▒.▒....>....▒
▒▒.▒...▒ ▒▒..▒ ▒.▒.........▒


You could see a worm.


Message History

You closely miss the kobold!
The kobold is heavily wounded!
The kobold hits you with a short sword of draining!
You take 3 damage, and have 20/29 hp!
You squash the kobold like an ant!
You annihilate the kobold!!!
No target in view!!!
Things that are here:
a short sword of draining; a kobold corpse
(D) Dungeon
Where to? (Enter - D:2 @ (x,y), ? - help)
A worm comes into view!
A worm is nearby!!!
What do you say? t - Shout!!!
Orders for allies: a - Attack new target! r - Retreat!!! s - Stop attacking! w - Wait here! f - Follow me!
Anything else - Stay silent!
You shout for attention!!!
You hear a shout!!!
A hobgoblin comes into view!
The hobgoblin shouts!!!
The worm bites you!!! * * * don't die
* * * You take 12 damage, and have 9/29 hp!
MASSIVE DAMAGE!!!!!!
You are too injured to fight recklessly!!!
You pummel the worm like a punching bag!
The worm is lightly wounded!
The worm bites you!!! rip

Action                   || total
-------------------------++-------
Melee: Unarmed           ||   162
  Use: Scroll            ||     1
 Stab: Sleeping          ||     1
       Distracted        ||     1

Vault maps used:
D:1:      sevenhm_arrival_forest_fort_small_3
D:2:      minitemple, minmay_newt_pond
D:3:      serial_bayou_pond_a, uniq_iyjb

Notes
Turn   | Place    | Note
--------------------------------------------------------------
     0 | D:1      | rlgrobin the Mummy Monk began the quest for the Orb.
     0 | D:1      | Reached XP level 1. HP: 18/18 MP: 1/1
   257 | D:1      | Reached XP level 2. HP: 22/24 MP: 2/2
  1076 | D:2      | Reached skill level 4 in Unarmed Combat
  1373 | D:2      | Reached XP level 3. HP: 19/29 MP: 3/3
  2276 | D:2      | Found an iron altar of Okawaru.
  2278 | D:2      | Found an ancient bone altar of Kikubaaqudgha.
  2283 | D:2      | Found a basalt altar of Yredelemnul.
  2284 | D:2      | Found a glowing silver altar of Zin.
  2647 | D:2      | Slain by a worm

Vanquished Creatures
  2 adders (D:2)
  A worm (D:2)
  An orc (D:2)
  4 giant cockroaches
  7 goblins
  4 hobgoblins
  7 kobolds
  A ball python (D:1)
  6 bats
  5 giant newts
  5 rats
43 creatures vanquished.
